 Dungeon Crawl Stone Soup version 0.27.1-3-gb3d3a73c9e (webtiles) character file.

Game seed: 13369487709902920427

193 styxcanada the Sneak (level 5, -4/26 HPs)
             Began as a Spriggan Brigand on Oct 15, 2021.
             Killed from afar by Natasha (9 damage)
             ... with a puff of flame
             ... on level 3 of the Dungeon.
             The game lasted 00:12:59 (4023 turns).

styxcanada the Sneak (Spriggan Brigand)             Turns: 4023, Time: 00:12:59

Health: -4/26      AC:  5    Str:  7    XL:     5   Next: 44%
Magic:  6/6        EV: 18    Int: 19    God:
Gold:   160        SH:  0    Dex: 17    Spells: 5/5 levels left

rFire    . . .     SeeInvis +   a - +2 dagger
rCold    . . .     Faith    .   (shield restricted)
rNeg     . . .     Spirit   .   b - +0 robe
rPois    .         Reflect  .   h - +1 hat {Will+}
rElec    .         Harm     .   c - +1 cloak
rCorr    .         Rampage  .   (gloves unavailable)
Will     +....                  (boots unavailable)
Stlth    ++++......             (no amulet)
HPRegen  0.08/turn              j - +6 ring of intelligence
MPRegen  0.10/turn              i - ring of wizardry

@: very quick
A: very small, no large weapons, unfitting armour, see invisible, speed 3
a: no special abilities


You were on level 3 of the Dungeon.
You visited 1 branch of the dungeon, and saw 3 of its levels.

You collected 160 gold pieces.

Inventory:

Hand Weapons
 a - a +2 dagger (weapon)
Missiles
 d - 6 poisoned darts (quivered)
 e - 2 curare-tipped darts
 f - 122 stones
Armour
 b - a +0 robe (worn)
 c - a +1 cloak (worn)
 h - a +1 hat of willpower (worn)
Jewellery
 i - a ring of wizardry (right hand)
 j - a +6 ring of intelligence (left hand)
Scrolls
 m - 2 scrolls of teleportation
Potions
 g - a potion of flight {unknown}
 k - 2 potions of mutation {unknown}
 p - a potion of haste {unknown}
 q - a potion of brilliance {unknown}
 r - a potion of might {unknown}


   Skills:
 * Level 2.1 Fighting
 + Level 3.0 Short Blades
 + Level 2.9 Throwing
 * Level 3.1 Dodging
 * Level 7.9 Stealth
 * Level 0.5 Spellcasting


You had 5 spell levels left.
You didn't know any spells.
Your spell library contained the following spells:

 Spells                   Type           Power      Damage    Failure   Level
 Summon Forest            Summ/Tloc      0%         N/A       89%         5
 Eringya's Noxious Bog    Tmut/Pois      0%         N/A       100%        6
 Summon Hydra             Summ           0%         N/A       100%        7


Dungeon Overview and Level Annotations

Branches:
Dungeon (3/15)

Altars:

Annotations:
D:3 Natasha


Innate Abilities, Weirdness & Mutations

You are very small and have problems with some larger weapons.
You are too small for most types of armour.
You have supernaturally acute eyesight. (SInv)
You cover ground extremely quickly. (Speed+++)


Message History

Natasha is moderately wounded.
Throw: 7 darts (poison)
Press: ? - help, Q - select action, (/) - cycle Shift-Dir - straight line, f/p - Natasha
Aim: Natasha, carrying a wand of flame (25) (moderately wounded, very poisoned, 55% to hit)
You throw a poisoned dart.
The poisoned dart barely misses Natasha.
Natasha casts a spell at you. The magic dart hits you.
Natasha closely misses you.
You hit Natasha but do no damage.
Natasha is heavily wounded.
Natasha hisses.
Natasha drinks a potion.
Natasha is healed!
Natasha looks more healthy.
You hit Natasha.
Natasha is lightly wounded.
You closely miss Natasha.
Natasha is lightly wounded.
Natasha closely misses you.
You hit Natasha but do no damage.
Natasha is lightly wounded.
Natasha barely misses you.
You hit Natasha but do no damage.
Natasha is lightly wounded.
Natasha growls.
Natasha completely misses you.
You miss Natasha.
Natasha is lightly wounded.
Natasha casts a spell.
You hit Natasha but do no damage.
Natasha is lightly wounded.
Natasha closely misses you.
You hit Natasha but do no damage.
Natasha is lightly wounded.
Natasha zaps a wand.
The puff of flame hits you!
* * * LOW HITPOINT WARNING * * *
You hit Natasha but do no damage.
Natasha is lightly wounded.
Okay, then.
Natasha zaps a wand.
The puff of flame hits you!
You die...

#..##.....##.........####..
#..##..#..###.......## ##.
#..##.##..# ##..>..## ##
#..##.##..# ##(..## #
#..##.##..# ##'## #
#.........# #(# #
##.......## #.# #
#.##.#.########(## #
#.##.#.#.@.h5((.(## #
#.##.#.#.####.....# #
#.##.........#...###
#.####.#.###.......#######
#.# #)#.# ####.##........
#.####.#.######.##########
#......#........#
###############.# #.#


You could see Natasha and a white imp (summoned).

Vanquished Creatures
  Natasha (twice) (D:3)
  An orc wizard (D:3)
  3 gnolls (D:3)
  3 adders
  4 orcs (D:3)
  6 ball pythons
  3 endoplasms
  A giant cockroach (D:1)
  7 goblins
  5 hobgoblins
  6 jackals
  4 kobolds
  3 quokkas
  5 bats
  6 rats
59 creatures vanquished.

Notes
Turn   | Place    | Note
-------+----------+-------------------------------------------
     0 | D:1      | styxcanada the Spriggan Brigand began the quest for the
                  | Orb.
     0 | D:1      | Reached XP level 1. HP: 10/10 MP: 2/2
    60 | D:1      | Reached skill level 6 in Stealth
   124 | D:1      | Reached XP level 2. HP: 11/15 MP: 3/3
   425 | D:1      | Found a faded altar of an unknown god.
  1125 | D:1      | Reached XP level 3. HP: 18/18 MP: 4/4
  2065 | D:2      | Identified a scroll of acquirement
  2065 | D:2      | Acquired a +0 hat of willpower
  2610 | D:3      | Reached skill level 7 in Stealth
  2617 | D:3      | Reached XP level 4. HP: 23/23 MP: 5/5
  3547 | D:3      | Reached XP level 5. HP: 26/26 MP: 6/6
  3696 | D:3      | Noticed Natasha
  3703 | D:3      | Killed Natasha
  3795 | D:3      | Noticed Natasha
  3811 | D:3      | Killed Natasha
  3997 | D:3      | Noticed Natasha
  4023 | D:3      | Killed from afar by Natasha

Illustrated notes

Levels and vault maps discovered:
D:1:      dpeg_arrival_rooms_b, layout_basic,
          ebering_ecumenical_altar_abandoned, minmay_tetromino_l4
D:2:      layout_loops_cross, patterned_corridor
D:3:      layout_loops_corners, uniq_natasha

Skill      XL: |  1  2  3  4  5 |
---------------+----------------+-----
Stealth        | 6 7 |  7.9
Dodging        | 2 3 |  3.1
Fighting       | 2 |  2.1
Short Blades   | 3 |  3.0
Throwing       | |  2.9
Spellcasting   | |  0.5

Action                   |  1- 3 |  4- 6 || total
-------------------------+-------+-------++-------
Melee: Dagger            |   120 |    75 ||   195
Throw: Dart              |    19 |    45 ||    64
       Stone             |     2 |       ||     2
  Use: Scroll            |    10 |     1 ||    11
 Stab: Sleeping          |    12 |     4 ||    16
       Distracted        |       |     1 ||     1
Armor: Robe              |    14 |    12 ||    26
Dodge: Dodged            |    80 |    45 ||   125
